[ PARTIDA AOE2 · #495358499 ]
UnrankedLituanos vs Maya
Equipo del jugador · DERR
Equipo rival · VICT
[ ANÁLISIS DE REPETICIÓN · EXTRAÍDO DE LA PARTIDA GRABADA ]
Feudal
9:32
Castillos
23:20
Imperial
38:47
| APM promedio | 49.8 |
| APM pico | 89 |
| eAPM promedio | 19.8 |
| Aldeanos / militares | 90 / 66 |
Foco
⚔️ 33.8% · 🌾 66.2%
Knight ×25 · Skirmisher ×22 · Archer ×9 · Trebuchet (Packed) ×5 · Militia ×3 · Mangonel ×2
Feudal
9:04
Castillos
19:40
Imperial
36:47
| APM promedio | 64.5 |
| APM pico | 108 |
| eAPM promedio | 31.1 |
| Aldeanos / militares | 156 / 149 |
Foco
⚔️ 40.0% · 🌾 60.0%
Eagle Scout ×64 · Archer ×47 · Spearman ×19 · Mangonel ×9 · Trebuchet (Packed) ×8 · Monk ×2
Mapa de la partida
Recursos iniciales + cada clic de construcción. Líneas = muros · curvas = relieve. ◆ oro · ⬟ piedra · ● bayas · ✦ reliquia · ◌ hueco del cierre
Tu base· ✓ Cerrada en 23:20 · 28t muro · 1 puerta(s)
Base de Fazzz7z· ✓ Cerrada en 19:40 · 57t muro · sin puerta
Terreno inicial suavizado · ◌ = hueco del cierre detectado · pasá el cursor para detalles
Inputs por minuto
— El_mexicano_S - - Fazzz7z
Build order — El_mexicano_S
Primeras 150 de 276 acciones detectadas
| 0:01 | Crear | Villager (Male) |
| 0:01 | Crear | Villager (Male) |
| 0:02 | Crear | Villager (Male) |
| 0:02 | Construir | House |
| 0:04 | Construir | House |
| 0:32 | Crear | Villager (Male) |
| 0:34 | Crear | Villager (Male) |
| 0:34 | Crear | Villager (Male) |
| 1:36 | Crear | Villager (Male) |
| 1:49 | Crear | Villager (Male) |
| 2:13 | Construir | Lumber Camp |
| 2:24 | Crear | Villager (Male) |
| 2:25 | Crear | Villager (Male) |
| 2:59 | Crear | Villager (Male) |
| 3:32 | Crear | Villager (Male) |
| 4:09 | Crear | Villager (Male) |
| 4:09 | Crear | Villager (Male) |
| 4:17 | Construir | House |
| 4:18 | Construir | House |
| 4:51 | Construir | House |
| 5:02 | Crear | Villager (Male) |
| 5:18 | Crear | Villager (Male) |
| 5:19 | Investigar | Loom |
| 6:01 | Construir | Mill |
| 6:40 | Construir | Barracks |
| 7:22 | Investigar | Feudal Age |
| 7:30 | Construir | Mining Camp |
| 8:02 | Crear | Militia |
| 8:03 | Crear | Militia |
| 8:35 | Crear | Militia |
| 9:31 | Crear | Villager (Male) |
| 9:32 | Edad | Edad Feudal |
| 9:35 | Construir | Archery Range |
| 9:49 | Investigar | Double-Bit Axe |
| 9:50 | Crear | Villager (Male) |
| 10:11 | Crear | Villager (Male) |
| 10:16 | Construir | House |
| 10:21 | Investigar | Man-at-Arms (upgrade) |
| 10:38 | Construir | House |
| 11:00 | Investigar | Arson |
| 11:08 | Crear | Skirmisher |
| 11:20 | Crear | Archer |
| 11:23 | Crear | Villager (Male) |
| 11:29 | Investigar | Horse Collar |
| 11:39 | Construir | Blacksmith |
| 11:41 | Construir | House |
| 11:48 | Construir | Palisade Gate |
| 11:51 | Construir | Palisade Wall |
| 11:55 | Crear | Villager (Male) |
| 12:03 | Crear | Archer |
| 12:13 | Crear | Villager (Male) |
| 12:28 | Crear | Villager (Male) |
| 12:39 | Construir | House |
| 12:40 | Crear | Villager (Male) |
| 12:45 | Investigar | Fletching |
| 12:53 | Crear | Villager (Male) |
| 12:58 | Construir | Farm |
| 13:00 | Construir | Farm |
| 13:06 | Crear | Villager (Male) |
| 13:08 | Construir | House |
| 13:22 | Crear | Archer |
| 13:24 | Construir | Farm |
| 13:24 | Crear | Villager (Male) |
| 13:29 | Construir | House |
| 13:45 | Construir | Farm |
| 13:51 | Construir | House |
| 13:55 | Crear | Villager (Male) |
| 13:59 | Construir | House |
| 14:01 | Crear | Villager (Male) |
| 14:08 | Crear | Archer |
| 14:23 | Crear | Villager (Male) |
| 14:27 | Construir | Farm |
| 14:29 | Construir | Farm |
| 14:32 | Construir | House |
| 14:37 | Construir | House |
| 14:55 | Crear | Archer |
| 14:56 | Crear | Villager (Male) |
| 15:05 | Construir | Palisade Wall |
| 15:34 | Crear | Villager (Male) |
| 15:36 | Construir | Farm |
| 15:40 | Construir | Farm |
| 15:46 | Construir | Palisade Wall |
| 15:49 | Crear | Archer |
| 15:58 | Construir | Archery Range |
| 16:05 | Crear | Villager (Male) |
| 16:12 | Construir | House |
| 16:13 | Crear | Villager (Male) |
| 16:24 | Crear | Villager (Male) |
| 16:44 | Construir | Farm |
| 16:53 | Construir | House |
| 17:00 | Construir | Farm |
| 17:10 | Crear | Archer |
| 17:12 | Construir | House |
| 17:13 | Construir | House |
| 17:24 | Crear | Villager (Male) |
| 17:27 | Crear | Archer |
| 17:27 | Crear | Archer |
| 17:30 | Investigar | Gold Mining |
| 17:39 | Construir | Lumber Camp |
| 17:43 | Crear | Villager (Male) |
| 17:54 | Crear | Skirmisher |
| 17:54 | Crear | Skirmisher |
| 17:55 | Investigar | Padded Archer Armor |
| 18:04 | Construir | House |
| 18:17 | Crear | Villager (Male) |
| 18:23 | Construir | House |
| 18:25 | Construir | House |
| 18:29 | Crear | Skirmisher |
| 18:29 | Crear | Skirmisher |
| 18:30 | Crear | Villager (Male) |
| 18:38 | Construir | Farm |
| 18:45 | Crear | Skirmisher |
| 18:45 | Crear | Skirmisher |
| 18:47 | Crear | Villager (Male) |
| 19:11 | Construir | Market |
| 19:19 | Construir | Farm |
| 19:20 | Construir | Farm |
| 19:30 | Crear | Villager (Male) |
| 19:34 | Construir | Farm |
| 19:40 | Construir | House |
| 19:59 | Construir | House |
| 20:01 | Construir | House |
| 20:04 | Construir | Palisade Wall |
| 20:15 | Crear | Villager (Male) |
| 20:23 | Construir | Palisade Wall |
| 20:26 | Construir | Farm |
| 20:39 | Investigar | Castle Age |
| 20:41 | Crear | Skirmisher |
| 20:41 | Crear | Skirmisher |
| 21:12 | Construir | Palisade Wall |
| 21:18 | Construir | Mining Camp |
| 21:29 | Crear | Skirmisher |
| 21:29 | Crear | Skirmisher |
| 21:43 | Crear | Skirmisher |
| 21:43 | Crear | Skirmisher |
| 23:13 | Crear | Villager (Male) |
| 23:20 | Edad | Edad de los Castillos |
| 23:20 | Crear | Villager (Male) |
| 23:30 | Construir | Siege Workshop |
| 23:32 | Crear | Villager (Male) |
| 23:44 | Investigar | Elite Skirmisher (upgrade) |
| 23:50 | Investigar | Bodkin Arrow |
| 24:05 | Crear | Mangonel |
| 24:16 | Crear | Villager (Male) |
| 24:30 | Crear | Villager (Male) |
| 24:31 | Crear | Villager (Male) |
| 24:50 | Crear | Villager (Male) |
| 25:20 | Crear | Skirmisher |
| 25:20 | Crear | Skirmisher |
| 25:59 | Crear | Skirmisher |
Build order — Fazzz7z
Primeras 150 de 539 acciones detectadas
| 0:01 | Crear | Villager (Male) |
| 0:04 | Construir | House |
| 0:05 | Construir | House |
| 0:10 | Investigar | Loom |
| 0:10 | Investigar | Loom |
| 0:10 | Crear | Villager (Male) |
| 0:23 | Crear | Villager (Male) |
| 0:23 | Crear | Villager (Male) |
| 1:37 | Crear | Villager (Male) |
| 2:02 | Construir | Lumber Camp |
| 2:02 | Crear | Villager (Male) |
| 2:33 | Crear | Villager (Male) |
| 2:33 | Crear | Villager (Male) |
| 3:07 | Crear | Villager (Male) |
| 3:07 | Crear | Villager (Male) |
| 3:49 | Crear | Villager (Male) |
| 3:49 | Crear | Villager (Male) |
| 3:59 | Construir | House |
| 4:00 | Construir | House |
| 4:15 | Crear | Villager (Male) |
| 4:16 | Crear | Villager (Male) |
| 4:25 | Construir | Palisade Wall |
| 4:30 | Crear | Villager (Male) |
| 4:40 | Crear | Villager (Male) |
| 4:40 | Crear | Villager (Male) |
| 5:17 | Construir | Mill |
| 6:00 | Crear | Villager (Male) |
| 6:02 | Crear | Villager (Male) |
| 6:54 | Investigar | Feudal Age |
| 6:55 | Investigar | Feudal Age |
| 7:28 | Construir | Barracks |
| 7:57 | Construir | Mining Camp |
| 8:00 | Crear | Villager (Male) |
| 8:00 | Crear | Villager (Male) |
| 8:11 | Construir | House |
| 8:14 | Construir | House |
| 8:15 | Construir | Palisade Wall |
| 8:16 | Construir | Palisade Wall |
| 9:04 | Edad | Edad Feudal |
| 9:15 | Construir | Archery Range |
| 9:32 | Investigar | Double-Bit Axe |
| 9:41 | Construir | Palisade Wall |
| 9:44 | Construir | Palisade Wall |
| 9:45 | Construir | Palisade Wall |
| 9:48 | Construir | Palisade Wall |
| 9:50 | Construir | Palisade Wall |
| 9:51 | Construir | Palisade Wall |
| 9:58 | Crear | Villager (Male) |
| 10:00 | Crear | Archer |
| 10:00 | Crear | Archer |
| 10:07 | Crear | Villager (Male) |
| 10:16 | Crear | Archer |
| 10:17 | Crear | Archer |
| 10:23 | Crear | Villager (Male) |
| 10:37 | Construir | House |
| 10:40 | Construir | Palisade Wall |
| 10:43 | Construir | Palisade Wall |
| 10:48 | Construir | House |
| 10:51 | Crear | Archer |
| 11:05 | Crear | Archer |
| 11:08 | Crear | Spearman |
| 11:24 | Construir | Blacksmith |
| 11:28 | Construir | Blacksmith |
| 11:31 | Crear | Villager (Male) |
| 11:42 | Crear | Villager (Male) |
| 11:48 | Construir | Farm |
| 11:49 | Crear | Villager (Male) |
| 11:49 | Crear | Villager (Male) |
| 12:00 | Construir | House |
| 12:03 | Investigar | Fletching |
| 12:03 | Investigar | Fletching |
| 12:20 | Crear | Villager (Male) |
| 12:26 | Construir | House |
| 12:31 | Construir | Farm |
| 12:34 | Crear | Villager (Male) |
| 12:48 | Construir | Farm |
| 12:49 | Construir | Farm |
| 12:52 | Crear | Archer |
| 13:01 | Construir | House |
| 13:05 | Crear | Archer |
| 13:10 | Construir | Palisade Wall |
| 13:14 | Crear | Archer |
| 13:21 | Construir | House |
| 13:32 | Construir | Palisade Wall |
| 13:37 | Crear | Archer |
| 13:48 | Construir | Farm |
| 14:18 | Crear | Archer |
| 14:20 | Construir | House |
| 14:29 | Crear | Villager (Male) |
| 14:29 | Crear | Villager (Male) |
| 14:38 | Crear | Villager (Male) |
| 14:44 | Construir | Market |
| 14:45 | Crear | Villager (Male) |
| 14:51 | Crear | Villager (Male) |
| 15:11 | Construir | Palisade Wall |
| 15:27 | Construir | Archery Range |
| 15:28 | Crear | Villager (Male) |
| 15:32 | Crear | Villager (Male) |
| 15:45 | Construir | Palisade Wall |
| 15:53 | Construir | House |
| 15:55 | Construir | Palisade Wall |
| 15:59 | Construir | Farm |
| 16:00 | Construir | Farm |
| 16:18 | Construir | Palisade Wall |
| 16:23 | Construir | House |
| 16:28 | Crear | Archer |
| 16:28 | Crear | Archer |
| 16:54 | Construir | House |
| 16:55 | Construir | House |
| 17:00 | Investigar | Castle Age |
| 17:02 | Crear | Archer |
| 17:02 | Crear | Archer |
| 17:07 | Investigar | Padded Archer Armor |
| 17:07 | Investigar | Padded Archer Armor |
| 17:18 | Investigar | Horse Collar |
| 17:19 | Investigar | Horse Collar |
| 17:31 | Construir | Farm |
| 18:19 | Crear | Archer |
| 18:19 | Crear | Archer |
| 18:20 | Crear | Villager (Male) |
| 18:30 | Crear | Archer |
| 18:30 | Crear | Archer |
| 18:31 | Construir | Farm |
| 18:35 | Construir | Farm |
| 18:35 | Investigar | Gold Mining |
| 19:05 | Crear | Archer |
| 19:05 | Crear | Archer |
| 19:18 | Crear | Archer |
| 19:18 | Crear | Archer |
| 19:40 | Edad | Edad de los Castillos |
| 19:46 | Construir | Siege Workshop |
| 19:49 | Investigar | Crossbowman (upgrade) |
| 19:50 | Investigar | Bodkin Arrow |
| 19:50 | Investigar | Bodkin Arrow |
| 19:55 | Crear | Archer |
| 19:55 | Crear | Archer |
| 19:56 | Crear | Villager (Male) |
| 20:04 | Construir | House |
| 20:28 | Crear | Mangonel |
| 20:32 | Construir | Outpost |
| 21:04 | Crear | Mangonel |
| 21:10 | Crear | Villager (Male) |
| 21:22 | Crear | Villager (Male) |
| 21:40 | Construir | House |
| 21:53 | Crear | Villager (Male) |
| 21:58 | Construir | Monastery |
| 22:11 | Crear | Archer |
| 22:12 | Crear | Villager (Male) |
| 22:12 | Crear | Villager (Male) |
| 22:13 | Crear | Archer |
Cronología de la partida
| 4:25 | Fazzz7z · wall_segment Palisade Wall x3 |
| 6:40 | El_mexicano_S · first_building Barracks |
| 7:28 | Fazzz7z · first_building Barracks |
| 8:15 | Fazzz7z · wall_segment Palisade Wall x1 |
| 8:16 | Fazzz7z · wall_segment Palisade Wall x1 |
| 9:04 | Fazzz7z · age_up feudal |
| 9:15 | Fazzz7z · first_building Archery Range |
| 9:32 | El_mexicano_S · age_up feudal |
| 9:35 | El_mexicano_S · first_building Archery Range |
| 9:41 | Fazzz7z · wall_segment Palisade Wall x1 |
| 9:44 | Fazzz7z · wall_segment Palisade Wall x1 |
| 9:45 | Fazzz7z · wall_segment Palisade Wall x1 |
| 9:48 | Fazzz7z · wall_segment Palisade Wall x1 |
| 9:50 | Fazzz7z · wall_segment Palisade Wall x1 |
| 9:51 | Fazzz7z · wall_segment Palisade Wall x1 |
| 10:40 | Fazzz7z · wall_segment Palisade Wall x1 |
| 10:43 | Fazzz7z · wall_segment Palisade Wall x1 |
| 11:51 | El_mexicano_S · wall_segment Palisade Wall x10 |
| 13:10 | Fazzz7z · wall_segment Palisade Wall x12 |
| 13:32 | Fazzz7z · wall_segment Palisade Wall x18 |
| 15:05 | El_mexicano_S · wall_segment Palisade Wall x7 |
| 15:11 | Fazzz7z · wall_segment Palisade Wall x6 |
| 15:45 | Fazzz7z · wall_segment Palisade Wall x1 |
| 15:46 | El_mexicano_S · wall_segment Palisade Wall x8 |
| 15:55 | Fazzz7z · wall_segment Palisade Wall x6 |
| 16:18 | Fazzz7z · wall_segment Palisade Wall x1 |
| 16:59 | Fazzz7z · first_market_sell 100 wood |
| 19:40 | Fazzz7z · age_up castle |
| 19:46 | Fazzz7z · first_building Siege Workshop |
| 20:04 | El_mexicano_S · wall_segment Palisade Wall x1 |
| 20:23 | El_mexicano_S · wall_segment Palisade Wall x1 |
| 20:33 | El_mexicano_S · first_market_sell 100 wood |
| 20:34 | El_mexicano_S · first_market_buy 100 food |
| 21:12 | El_mexicano_S · wall_segment Palisade Wall x1 |
| 21:58 | Fazzz7z · first_building Monastery |
| 23:20 | El_mexicano_S · age_up castle |
| 23:30 | El_mexicano_S · first_building Siege Workshop |
| 24:30 | Fazzz7z · first_market_buy 100 wood |
| 26:39 | El_mexicano_S · first_building Castle |
| 27:48 | El_mexicano_S · first_building Stable |
| 28:39 | El_mexicano_S · wall_segment Palisade Wall x1 |
| 29:43 | El_mexicano_S · wall_segment Palisade Wall x1 |
| 30:49 | Fazzz7z · first_building Castle |
| 36:24 | Fazzz7z · wall_segment Stone Wall x2 |
| 36:27 | Fazzz7z · wall_segment Stone Wall x1 |
| 36:33 | Fazzz7z · wall_segment Stone Wall x1 |
| 36:35 | Fazzz7z · wall_segment Stone Wall x1 |
| 36:36 | Fazzz7z · wall_segment Stone Wall x1 |
| 36:39 | Fazzz7z · wall_segment Stone Wall x2 |
| 36:41 | Fazzz7z · wall_segment Stone Wall x2 |
| 36:42 | Fazzz7z · wall_segment Stone Wall x3 |
| 36:47 | Fazzz7z · age_up imperial |
| 38:47 | El_mexicano_S · age_up imperial |
| 41:17 | Fazzz7z · wall_segment Stone Wall x1 |
| 41:18 | Fazzz7z · wall_segment Stone Wall x1 |
| 41:19 | Fazzz7z · wall_segment Stone Wall x1 |
| 41:19 | Fazzz7z · wall_segment Stone Wall x1 |
| 41:19 | Fazzz7z · wall_segment Stone Wall x1 |
| 41:20 | Fazzz7z · wall_segment Stone Wall x1 |
| 41:20 | Fazzz7z · wall_segment Stone Wall x1 |
| 41:27 | El_mexicano_S · wall_segment Palisade Wall x1 |
| 44:41 | El_mexicano_S · first_building Monastery |
| 45:56 | El_mexicano_S · resign |
[ ANÁLISIS IA · 1 CRÉDITO ]
¿Qué pasó realmente en esta partida?
Wolo.gg analiza cada decisión: build order, eco, micro, errores típicos por bracket. Análisis personalizado por WhatsApp o Discord en 30 segundos.
Guía civ
Lituanos
Perfil
El_mexicano_S